 Dungeon Crawl Stone Soup version 0.29.1-15-g9cfb28693d (webtiles) character file.

Game seed: 14483366429162233805

14777 promet the Bludgeoner (level 11, -9/97 HPs)
             Began as a Minotaur Fighter on Apr 7, 2023.
             Was a Believer of Wu Jian.
             Mangled by a black mamba (10 damage)
             ... on level 1 of the Lair of Beasts.
             The game lasted 01:10:05 (19140 turns).

promet the Bludgeoner (Minotaur Fighter)           Turns: 19140, Time: 01:10:06

Health: -9/97      AC: 20    Str: 22    XL:     11   Next: 93%
Magic:  20/20      EV:  9    Int: 12    God:    Wu Jian [**....]
Gold:   589        SH:  0    Dex: 11    Spells: 10/10 levels left

rFire   . . .      SeeInvis .   a - +0 executioner's axe (vorpal)
rCold   . . .      Faith    .   (shield currently unavailable)
rNeg    + . .      Spirit   .   C - +4 chain mail {rN+}
rPois   +          Reflect  .   D - +3 hat of Pondering {ponderous, Will+ MP+10 Int+5}
rElec   .          Harm     .   l - +0 cloak
rCorr   .          Rampage  .   (no gloves)
Will    +....                   (no boots)
Stlth   ..........              (no amulet)
HPRegen 0.26/turn               u - ring of poison resistance
MPRegen 0.17/turn               (no ring)

@: slow
A: horns 2, retaliatory headbutt
a: Renounce Religion, Wall Jump


You were on level 1 of the Lair of Beasts.
You worshipped Wu Jian.
Wu Jian was pleased with you.
You visited 2 branches of the dungeon, and saw 12 of its levels.

You collected 761 gold pieces.
You spent 172 gold pieces at shops.

Inventory:

Hand Weapons
 a - a +0 vorpal executioner's axe (weapon)
 b - a +2 vorpal shortbow
 c - the +6 hand axe "Cen Duwn" {vorpal, Str+2}
   (You found it on level 9 of the Dungeon)

   It inflicts extra damage upon your enemies.
   Str:       It affects your strength (+2).
 d - a +0 sling
 h - a +0 rapier
 p - a +4 morningstar
 r - a +0 broad axe
 s - a +0 war axe
 z - a +0 trident of venom
 J - a +2 scimitar of flaming
 T - a +5 vorpal dire flail
Missiles
 i - 87 stones
 j - 3 throwing nets
 v - a curare-tipped dart (quivered)
 A - 8 poisoned darts
 I - 10 boomerangs
Armour
 l - a +0 cloak (worn)
 C - a +4 chain mail of positive energy (worn)
 D - the +3 hat of Pondering (worn) {ponderous, Will+ MP+10 Int+5}
   (You took it off Gastronok on level 10 of the Dungeon)

   Int:       It affects your intelligence (+5).
   MP:        It affects your magic capacity (+10).
   Will:      It increases your willpower.
 E - a +0 kite shield
 M - a +0 buckler
Jewellery
 u - a ring of poison resistance (left hand)
 x - a ring of protection from cold
 y - a ring of willpower
 K - a ring of protection from fire
 P - a ring of protection from fire
 Q - an amulet of guardian spirit
Wands
 F - a wand of mindburst (11)
 G - a wand of digging (4)
 V - a wand of roots (6)
Scrolls
 e - 3 scrolls of poison
 k - a scroll of enchant armour
 o - 2 scrolls of teleportation
 B - a scroll of blinking {unknown}
 H - 3 scrolls of identify
 L - a scroll of silence
 N - a scroll of magic mapping
 U - 2 scrolls of amnesia {unknown}
Potions
 f - 4 potions of curing
 g - a potion of mutation {unknown}
 m - 6 potions of brilliance
 n - a potion of degeneration {unknown}
 q - 3 potions of lignification
 t - 3 potions of attraction
 w - a potion of flight {unknown}
 R - 2 potions of might
Miscellaneous
 S - a tin of tremorstones (2/2)


   Skills:
 + Level 9.2 Fighting
 * Level 6.5(13.2) Axes
 + Level 16.4(16.9) Maces & Flails
 + Level 7.1(8.3) Polearms
 + Level 4.3 Ranged Weapons
 + Level 0.3 Throwing
 + Level 11.6 Armour
 + Level 3.1 Dodging
 + Level 2.2 Stealth
 + Level 5.8 Shields
 * Level 2.7 Evocations


You had 10 spell levels left.
You didn't know any spells.
Your spell library contained the following spells:

 Spells                   Type           Power      Damage    Failure   Level
 Static Discharge         Conj/Air       0%         3-3/arc   95%         2
 Portal Projectile        Hex/Tloc       0%         N/A       99%         3
 Summon Guardian Golem    Hex/Summ       0%         N/A       99%         3
 Tukima's Dance           Hex            0%         N/A       99%         3
 Animate Dead             Necr           0%         N/A       100%        4
 Blade Hands              Tmut           0%         N/A       100%        5
 Lightning Bolt           Conj/Air       0%         1d11      100%        5
 Summon Forest            Summ/Tloc      0%         N/A       100%        5
 Eringya's Noxious Bog    Tmut/Pois      0%         N/A       100%        6
 Haunt                    Necr/Summ      0%         N/A       100%        7
 Orb of Destruction       Conj           0%         9d5       100%        7
 Spellforged Servitor     Conj/Summ      0%         N/A       100%        7
 Summon Hydra             Summ           0%         N/A       100%        7
 Infestation              Necr           0%         N/A       100%        8
 Maxwell's Capacitive Co  Air            0%         ∞         100%        8
 Chain Lightning          Conj/Air       0%         N/A       100%        9
 Fire Storm               Conj/Fire      0%         5d1       100%        9
 Shatter                  Erth           0%         3d5*      100%        9


Dungeon Overview and Level Annotations

Branches:
Dungeon (11/15)            Temple (0/1) D:4            Lair (1/5) D:11
    Orc (0/2) D:10

Altars:
Ashenzari
Gozag
Makhleb
Uskayaw
Wu Jian
Xom
Zin

Shops:
D:7 [(:

Annotations:
D:4 1 runed translucent door, Crazy Yiuf


Innate Abilities, Weirdness & Mutations

You have a pair of horns on your head.
You reflexively headbutt those who attack you in melee.


Message History

You slash the komodo dragon! Your headbutt misses the komodo dragon.
The komodo dragon is almost dead.
The komodo dragon bites you. The komodo dragon bites you!
* * * LOW HITPOINT WARNING * * *
You feel better.
A wolf comes into view.
The komodo dragon bites you!!
* * * LOW HITPOINT WARNING * * *
You hear a howl!
The wolf howls!
You slash the komodo dragon!
You kill the komodo dragon!
The Council accepts your kill.
A wolf comes into view.
The wolf bites you but does no damage.
A wolf comes into view.
The wolf bites you but does no damage.
Okay, then.
As you read the scroll of fear, it crumbles to dust.
You assume a fearsome visage.
The wolf looks frightened! x2
The wolf howls!
The wolf looks frightened! x2
A black mamba comes into view.
The black mamba hisses angrily.
The black mamba barely misses you. You furiously retaliate!
You headbutt the black mamba.
The black mamba attacks as you move away!
The black mamba bites you!
* * * LOW HITPOINT WARNING * * *
The black mamba barely misses you. You furiously retaliate!
You headbutt the black mamba. You closely miss the black mamba.
Your headbutt misses the black mamba.
The black mamba is lightly wounded.
The black mamba bites you but does no damage.
The black mamba bites you.
* * * LOW HITPOINT WARNING * * *
You hit the black mamba.
The black mamba is lightly wounded.
The black mamba bites you!
You die...

... #P..####..# #.# #... ..h.
#.#......# #.# #.). .h...
#.#....#.#####.## #...
...#######.#....#..#P.#..#.....
.........#...................
#.......#....#..............
#..##.#.#....#.....######.#.
#.#†..#.####+#......# #
#.#...#...S@.......## ##
#.#......#####+#...# ..#
#.....+..# #...# #.###.##'.#..#
#...# Y##.8.##......# ....#
.Y.....#......## .P...#
...S>.8#......... ......#
...............#.#.###..#
.#..8.#.##.##..# ## #..#


You could see a black mamba.

Vanquished Creatures
  Gastronok (D:10)
  A hydra (Lair:1)
  A boulder beetle (D:11)
  Erica (D:9)
  Pikel (D:9)
  A cyclops (D:11)
  A manticore (D:11)
  Maurice (D:9)
  A gargoyle (D:11)
  2 cane toads (Lair:1)
  An unseen horror (D:11)
  A kobold demonologist (D:10)
  A komodo dragon (Lair:1)
  2 trolls
  Prince Ribbit (D:6)
  Grinder (D:3)
  A vampire (D:10)
  17 yaks
  2 vampire mosquitoes (D:11)
  A basilisk (Lair:1)
  Edmund (D:6)
  5 water moccasins
  Duvessa (D:4)
  A black bear (D:8)
  3 orc warriors
  3 ice beasts
  2 ogres
  3 lemures (D:9)
  10 centaurs
  3 phantoms
  3 kobold brigands
  7 bullfrogs
  A necrophage (D:5)
  A gnoll sergeant (D:6)
  A scorpion (D:5)
  4 wights (D:9)
  Dowan (D:4)
  7 killer bees
  A howler monkey (D:11)
  A crimson imp (D:9)
  7 orc priests
  A hound (D:4)
  An iguana (D:7)
  8 orc wizards
  20 gnolls
  3 adders
  3 shadow imps
  3 white imps
  An ufetubus (D:7)
  4 worms
  36 orcs
  2 endoplasms
  A giant cockroach (D:2)
  4 hobgoblins
  4 jackals (D:2)
  11 kobolds
  5 quokkas
  5 ball pythons
  3 bats
  2 frilled lizards (D:2)
  4 goblins
  2 rats
  A bush (D:7)
229 creatures vanquished.

Vanquished Creatures (others)
  A shadow (D:10)
  3 plants (Lair:1)
4 creatures vanquished.

Grand Total: 233 creatures vanquished

Notes
Turn   | Place    | Note
-------+----------+-------------------------------------------
     0 | D:1      | promet the Minotaur Fighter began the quest for the Orb.
     0 | D:1      | Reached XP level 1. HP: 19/19 MP: 0/0
    69 | D:1      | Found a faded altar of an unknown god.
    92 | D:1      | You fall into a shaft and drop 1 floor!
   225 | D:2      | Reached XP level 2. HP: 19/27 MP: 1/1
  1135 | D:2      | Reached XP level 3. HP: 6/33 MP: 2/2
  2100 | D:3      | Reached XP level 4. HP: 40/40 MP: 3/3
  2756 | D:3      | Noticed Grinder
  2769 | D:3      | Paralysed by Grinder for 3 turns
  2773 | D:3      | Killed Grinder
  2774 | D:3      | Reached skill level 5 in Axes
  2774 | D:3      | Reached skill level 5 in Armour
  2774 | D:3      | Reached skill level 1 in Dodging
  2774 | D:3      | Reached XP level 5. HP: 17/47 MP: 4/4
  2774 | D:3      | Reached XP level 6. HP: 20/53 MP: 5/5
  3473 | D:4      | Found a staircase to the Ecumenical Temple.
  3641 | D:4      | Reached skill level 1 in Polearms
  3709 | D:4      | Noticed Duvessa
  3958 | D:4      | Noticed a water moccasin
  3965 | D:4      | Killed a water moccasin
  3966 | D:4      | Reached skill level 5 in Fighting
  3966 | D:4      | Reached skill level 1 in Stealth
  3966 | D:4      | Reached XP level 7. HP: 50/61 MP: 6/6
  4119 | D:4      | Killed Duvessa
  4127 | D:4      | Noticed Dowan
  4138 | D:4      | Killed Dowan
  4146 | D:4      | Reached skill level 1 in Ranged Weapons
  4477 | D:4      | Found a runed translucent door.
  4478 | D:4      | Noticed Crazy Yiuf
  4679 | D:5      | Entered Level 5 of the Dungeon
  5119 | D:5      | Reached XP level 8. HP: 51/69 MP: 7/7
  5782 | D:5      | Reached skill level 5 in Polearms
  5782 | D:5      | Reached skill level 5 in Shields
  6852 | D:6      | Noticed Edmund
  6862 | D:6      | Killed Edmund
  7068 | D:6      | Found a glowing drain.
  7383 | D:6      | Found a sand-covered staircase.
  7649 | D:6      | Identified a scroll of acquirement
  7649 | D:6      | Acquired a manual of Maces & Flails
  7670 | D:6      | Reached skill level 2 in Maces & Flails
  7670 | D:6      | Reached XP level 9. HP: 75/75 MP: 8/8
  7712 | D:6      | Noticed Prince Ribbit
  7719 | D:6      | Killed Prince Ribbit
  7720 | D:6      | Reached skill level 3 in Maces & Flails
  7882 | D:6      | Reached skill level 4 in Maces & Flails
  8194 | D:6      | Reached skill level 5 in Maces & Flails
  8376 | D:6      | Reached skill level 6 in Maces & Flails
  8797 | D:7      | Found Qosmol's Tremendous Tomes.
  8815 | D:7      | Reached skill level 7 in Maces & Flails
  9085 | D:7      | Found Sen Ceat's Antique Weapon Shop.
  9457 | D:7      | Found an ornate altar of the Wu Jian Council.
  9462 | D:7      | Found a broken altar of Ashenzari.
  9490 | D:7      | Found a hide-covered altar of Uskayaw.
  9492 | D:7      | Became a worshipper of the Wu Jian Council
  9561 | D:7      | Reached skill level 8 in Maces & Flails
  9801 | D:7      | Reached skill level 9 in Maces & Flails
  9831 | D:7      | Found Fifugist's Antique Armour Shop.
  9834 | D:7      | Bought a glowing chain mail for 172 gold pieces
 10036 | D:8      | Reached skill level 10 in Maces & Flails
 10351 | D:8      | Reached skill level 11 in Maces & Flails
 10502 | D:8      | Found an opulent altar of Gozag.
 10683 | D:8      | Found a glowing silver altar of Zin.
 10829 | D:8      | Reached * piety under Wu Jian
 10841 | D:8      | Reached skill level 12 in Maces & Flails
 10848 | D:8      | Reached XP level 10. HP: 76/86 MP: 9/9
 11172 | D:8      | Reached skill level 13 in Maces & Flails
 12279 | D:9      | Noticed Erica
 12298 | D:9      | Killed Erica
 12299 | D:9      | Reached skill level 14 in Maces & Flails
 12619 | D:9      | Noticed Pikel
 12639 | D:9      | Killed Pikel
 12640 | D:9      | Reached skill level 15 in Maces & Flails
 12715 | D:9      | Found a shimmering altar of Xom.
 12716 | D:9      | Found a burning altar of Makhleb.
 12776 | D:9      | Noticed Maurice
 13514 | D:9      | Identified the +6 hand axe "Cen Duwn" {vorpal, Str+2}
 13595 | D:9      | Killed Maurice
 13672 | D:9      | Reached ** piety under Wu Jian
 13682 | D:9      | Reached skill level 10 in Armour
 14072 | D:10     | Entered Level 10 of the Dungeon
 14177 | D:10     | Found a staircase to the Orcish Mines.
 14445 | D:10     | Noticed an orange demon
 14451 | D:10     | Reached XP level 11. HP: 86/94 MP: 10/10
 14786 | D:10     | Noticed Gastronok
 14831 | D:10     | Killed Gastronok
 15451 | D:10     | Identified the +1 robe of the Jolly Stories {+Inv Will+}
 16046 | D:11     | Reached skill level 16 in Maces & Flails
 16687 | D:11     | Reached skill level 1 in Evocations
 16737 | D:11     | Noticed a boulder beetle
 17144 | D:11     | Killed a boulder beetle
 18273 | D:11     | Found a staircase to the Lair.
 18514 | Lair:1   | Entered Level 1 of the Lair of Beasts
 18519 | Lair:1   | Noticed a four-headed hydra
 18531 | Lair:1   | Killed a four-headed hydra
 18783 | Lair:1   | Acquired a +0 vorpal executioner's axe
 19138 | Lair:1   | HP: 4/97 [black mamba (9)]
 19139 | Lair:1   | HP: 1/97 [black mamba (4)]
 19140 | Lair:1   | Mangled by a black mamba

Illustrated notes

Levels and vault maps discovered:
D:1:      psy_arrival_heroes, layout_basic, dreamdust_ecumenical_altar_statues,
          minmay_misc_feat_five
D:2:      layout_rooms, kennysheep_minor_cross, chequers_serial_rivers_micro_c,
          minmay_unequal
D:3:      layout_loops_cross, uniq_grinder
D:4:      layout_loops_ring, minmay_temple_entry_offerings, grunt_ministairs_14,
          kennysheep_boxes, uniq_crazy_yiuf_cottage, uniq_duvessa
D:5:      layout_basic, serial_co_window_serial, co_window_of_opportunity_a,
          co_window_paths_b, co_window_corner_a, co_window_cross_1,
          co_window_paths_b, co_window_2corner, co_window_broadway_a,
          co_window_2corner, co_window_2corner, glass_columns_a,
          glass_columns_a, dk_vineyard_2
D:6:      layout_gridville, cheibrodos_sewer_entry_bend, enter_ossuary_1,
          uniq_edmund, uniq_prince_ribbit1
D:7:      layout_loops_corners, gammafunk_temple_overflow_forgotten,
          serial_shops, kennysheep_mini, shop, chequers_serial_rivers_small_b,
          nicolae_shop_i_like_big_books
D:8:      cheibrodos_elevator_heist, layout_loops_corners,
          mainiacjoe_overflow_catwalk, grunt_gozag_statues, kennysheep_nub,
          dreamdust_princess_corridor, lightli_minifort
D:9:      layout_basic, grunt_temple_overflow_champion_of_chaos,
          grunt_ministairs_1, uniq_pikel, uniq_maurice, uniq_erica
D:10:     layout_long_grid, orc_0_dummy, minivault_25_ag, uniq_gastronok
D:11:     layout_irregular_city, lair_entry_dummy, minmay_misc_feat_x
Lair:1:   layout_chaotic_city, minmay_stone_trees_small, grunt_megastairs_2,
          serial_bayou_shore_b, uniq_urug

Skill      XL: |  1  2  3  4  5  6  7  8  9 10 11 |
---------------+----------------------------------+-----
Shields        | 4 5 |  5.8
Armour         | 4 5 6 8 10 11 | 11.6
Axes           | 3 5 6 |  6.5
Fighting       | 4 5 6 7 8 9 |  9.2
Dodging        | 1 2 3 |  3.1
Polearms       | 2 4 7 |  7.1
Stealth        | 1 2 |  2.2
Ranged Weapons | 1 2 3 4 |  4.3
Maces & Flails | 2 12 15 16 | 16.4
Evocations     | 2 |  2.7
Throwing       | |  0.3

Action                   |  1- 3 |  4- 6 |  7- 9 | 10-12 || total
-------------------------+-------+-------+-------+-------++-------
Melee: War axe           |    49 |    47 |       |       ||    96
       Headbutt          |     5 |    14 |    50 |    65 ||   134
       Trident           |       |    51 |   125 |       ||   176
       Dire flail        |       |       |   165 |   165 ||   330
       Morningstar       |       |       |       |    74 ||    74
       Executioner's axe |       |       |       |    28 ||    28
       Hand axe          |       |       |       |     8 ||     8
       Shortbow          |       |       |       |     2 ||     2
 Fire: Sling             |       |       |    23 |     2 ||    25
       Shortbow          |       |       |       |    30 ||    30
Throw: Stone             |       |       |     2 |       ||     2
       Throwing net      |       |       |     1 |       ||     1
       Dart              |       |       |       |     3 ||     3
Invok: Lunge             |       |       |     8 |    16 ||    24
       Whirlwind         |       |       |       |     4 ||     4
Evoke: Wand              |       |       |       |    10 ||    10
  Use: Scroll            |     3 |     1 |    11 |     8 ||    23
       Potion            |       |     1 |     1 |     6 ||     8
Armor: Scale mail        |    19 |    60 |    32 |       ||   111
       Chain mail        |       |       |    81 |   164 ||   245
Dodge: Dodged            |    26 |    50 |   112 |   119 ||   307
Block: Buckler           |    13 |    24 |    17 |       ||    54
       Kite shield       |       |       |       |     7 ||     7
